 Dungeon Crawl Stone Soup version 0.30-a0-1043-g60ff8d5f49 (webtiles) character file.

Game seed: 433884950275818936

1986 mandoloar the Insei (level 9, -9/72 HPs)
             Began as an Octopode Transmuter on Apr 11, 2023.
             Was an Initiate of Cheibriados.
             Killed from afar by an acid dragon (28 damage)
             ... with a splash of acid
             ... on level 7 of the Dungeon.
             The game lasted 00:19:47 (8711 turns).

mandoloar the Insei (Octopode Transmuter)           Turns: 8711, Time: 00:19:48

Health: -9/72      AC:  0    Str: 10    XL:     9   Next: 21%
Magic:  8/16       EV: 11    Int: 20    God:    Cheibriados [......]
Gold:   471        SH:  0    Dex: 14    Spells: 10/17 levels left

rFire   x . .      SeeInvis .      - Unarmed
rCold   + + +      Faith    .    v - melded +2 buckler
rNeg    . . .      Spirit   .    (helmet currently unavailable)
rPois   +          Reflect  .    a - amulet of regeneration
rElec   .          Rampage  .    h - ring of poison resistance
rCorr   .                        (no ring)
Will    .....                    (no ring)
Stlth   +                        (no ring)
HPRegen 1.12/turn                (no ring)
MPRegen 0.15/turn                (no ring)
                                 (no ring)
                                 (no ring)

@: ice-form, corroded, very slow
A: freezing attack, boosted hp, almost no armour, amphibious, 8 rings, large,
(camouflage 1), (gelatinous body 1), (nimble swimmer 1), (tentacles)
a: End Transformation, Renounce Religion


You were on level 7 of the Dungeon.
You worshipped Cheibriados.
Cheibriados was noncommittal.
You were a creature of crystalline ice.
You visited 2 branches of the dungeon, and saw 8 of its levels.

You collected 471 gold pieces.

Inventory:

Missiles
 e - 58 stones
 i - 2 poisoned darts
 s - 4 boomerangs
Armour
 v - a +2 buckler (melded)
Jewellery
 a - an amulet of regeneration (around neck)
 h - a ring of poison resistance (left front paw)
 j - an amulet of guardian spirit
 m - an amulet of the acrobat
 w - an amulet of magic regeneration
Wands
 t - a wand of flame (18)
Scrolls
 g - 2 scrolls of enchant weapon
 k - 2 scrolls of identify
 n - 3 scrolls of teleportation
 q - 2 scrolls of amnesia
 r - a scroll of immolation
 u - a scroll of poison
Potions
 b - a potion of might
 c - a potion of attraction
 d - a potion of brilliance
 f - 5 potions of curing
 l - 3 potions of flight
 o - a potion of magic
 p - a potion of lignification
 x - 3 potions of heal wounds


   Skills:
 + Level 4.8 Fighting
 + Level 5.0 Dodging
 + Level 5.6 Unarmed Combat
 + Level 4.7 Spellcasting
 + Level 5.2 Transmutations
 + Level 4.4 Ice Magic


You had 10 spell levels left.
You knew the following spells:

 Your Spells              Type           Power      Damage    Failure   Level
a - Beastly Appendage     Tmut           50%        N/A       1%          1
b - Wereblood             Tmut           25%        N/A       1%          2
c - Ice Form              Ice/Tmut       24%        N/A       16%         4

Your spell library contained the following spells:

 Spells                   Type           Power      Damage    Failure   Level
 Passwall                 Tmut/Erth      12%        N/A       6%          2
 Ensorcelled Hibernation  Hex/Ice        26%        N/A       8%          2
 Apportation              Tloc           8%         N/A       12%         1
 Spider Form              Tmut/Pois      15%        N/A       12%         3
 Swiftness                Air            4%         N/A       34%         3
 Alistair's Intoxication  Tmut/Pois      10%        N/A       75%         5


Dungeon Overview and Level Annotations

Branches:
Dungeon (7/15)             Temple (1/1) D:7

Altars:
Ashenzari
Cheibriados
Dithmenos
Elyvilon
Fedhas
Hepliaklqana
Kikubaaqudgha
Makhleb
Nemelex Xobeh
Okawaru
Qazlal
Ru
Trog
Uskayaw
Vehumet
Wu Jian
Xom
Zin
The Shining One


Innate Abilities, Weirdness & Mutations

You are a creature of crystalline ice.
You have a powerful freezing melee attack.
Your maximum health is increased.
Your armour is entirely melded.
You are incapable of wielding weapons or throwing items.
You cannot wear most types of armour.
You are amphibious.
You can wear up to eight rings at the same time.
((Your skin changes colour to match your surroundings (Stealth+).))
((Your rubbery body absorbs attacks. (AC +1, EV +1)))
((You are camouflaged when in or above water. (Stealth+)))
((You have tentacles for arms and can constrict up to eight enemies at once.))


Message History

Cheibriados appreciates the change of pace.
The shadow imp shouts, "Slither away, thou surly idle-headed vassal!"
You punch the jelly! You freeze the jelly. The acid corrodes you!
Your front paws burn!
The jelly is severely wounded.
The shadow imp gestures at you. Pain shoots through your body!
The jelly misses you.
You hit the jelly. You freeze the jelly.
You kill the jelly!
Cheibriados appreciates the change of pace.
The shadow imp hits you.
You hit the shadow imp.
The shadow imp is heavily wounded.
The shadow imp closely misses you.
You punch the shadow imp!
You kill the shadow imp!
Cheibriados appreciates the change of pace.
Your magical contamination has completely faded away.
You start resting.
An acid dragon comes into view.
The acid dragon roars!
The acid dragon spits acid at you. The splash of acid hits you!!
The acid corrodes you! The acid dragon bites you! The acid dragon claws you.
You see here an amulet of magic regeneration.
You are too injured to fight recklessly!
You hit the acid dragon but do no damage.
The acid dragon barely misses you. The acid dragon claws you.
You hit the acid dragon but do no damage.
An ogre comes into view. It is wielding a +0 giant club.
The acid dragon bites you. The acid dragon closely misses you.
You hit the acid dragon but do no damage.
The acid dragon bites you!
* * * LOW HITPOINT WARNING * * *
The acid dragon barely misses you.
You hit the acid dragon. You freeze the acid dragon.
The acid dragon is lightly wounded.
The acid dragon spits acid at you. The splash of acid hits you!!
You die...

#.###.#.......
#.....#....... #
..#..........
#$###.#..........
#..O..#...# #....)##
#....#### #...D...##
#######
#.....##Y...###.....#
#....###..#..##.....#
#.........#.........#
...?..#..#.#.#.......#
...#......###........#
####...#...#...#..####
#....#.....#....##
#..# ###.>.#####..#
##. #.....#....##


You could see an acid dragon (catching breath) and an ogre.

Vanquished Creatures
  A wyvern (D:7)
  Duvessa (D:5)
  2 ice beasts
  2 black bears (D:4)
  An ogre (D:6)
  A phantom (D:5)
  Blork the orc (D:5)
  2 bullfrogs
  5 scorpions
  Dowan (D:5)
  A howler monkey (D:6)
  A hound (D:6)
  A jelly (D:7)
  A gnoll bouda (D:5)
  An orc priest (D:5)
  6 iguanas
  Terence (D:3)
  4 orc wizards
  7 adders
  5 gnolls
  2 shadow imps
  3 white imps
  An ufetubus (D:5)
  A worm (D:4)
  4 dart slugs
  21 orcs
  8 endoplasms
  7 giant cockroaches
  6 hobgoblins
  4 jackals (D:2)
  2 quokkas
  7 ball pythons
  3 bats
  7 goblins
  6 kobolds
  6 rats
133 creatures vanquished.

Notes
Turn   | Place    | Note
-------+----------+-------------------------------------------
     0 | D:1      | mandoloar the Octopode Transmuter began the quest for the
                  | Orb.
     0 | D:1      | Reached XP level 1. HP: 13/13 MP: 3/3
   168 | D:1      | Reached XP level 2. HP: 16/18 MP: 3/5
   906 | D:2      | Reached XP level 3. HP: 23/23 MP: 4/6
  1048 | D:2      | Learned a level 2 spell: Wereblood
  1333 | D:2      | Reached skill level 1 in Ice Magic
  1333 | D:2      | Reached XP level 4. HP: 25/29 MP: 5/7
  1338 | D:2      | Learned a level 4 spell: Ice Form
  1603 | D:2      | Identified the +0 robe of Duxzupna {Str+5 SInv}
  2499 | D:3      | Found an ancient bone altar of Kikubaaqudgha.
  2562 | D:3      | Reached XP level 5. HP: 20/34 MP: 8/8
  3042 | D:3      | Noticed Terence
  3172 | D:3      | Killed Terence
  3745 | D:4      | Noticed a black bear
  3754 | D:4      | Killed a black bear
  3755 | D:4      | Reached XP level 6. HP: 41/41 MP: 5/10
  4745 | D:4      | Reached XP level 7. HP: 42/46 MP: 3/11
  4889 | D:4      | You fall into a shaft and drop 1 floor!
  4889 | D:5      | Entered Level 5 of the Dungeon
  5504 | D:5      | Noticed Dowan
  5728 | D:5      | Found a white marble altar of Elyvilon.
  5728 | D:5      | Found a broken altar of Ashenzari.
  5767 | D:5      | Found a blossoming altar of Fedhas.
  5815 | D:5      | Found a hazy altar of Hepliaklqana.
  5817 | D:5      | Found a bloodstained altar of Trog.
  5989 | D:5      | Killed Dowan
  6094 | D:5      | Reached XP level 8. HP: 53/53 MP: 1/13
  6119 | D:5      | Noticed Duvessa
  6143 | D:5      | Killed Duvessa
  6264 | D:5      | Identified the +8 mace of the Fae God {flame, rN+}
  6344 | D:5      | Noticed Blork the orc
  6352 | D:5      | Killed Blork the orc
  7100 | D:5      | Reached skill level 5 in Unarmed Combat
  7595 | D:6      | Identified the +1 short sword "Vibb" {flame, Will+ Int+2}
  8089 | D:6      | Reached skill level 5 in Transmutations
  8089 | D:6      | Reached XP level 9. HP: 59/59 MP: 10/15
  8286 | D:7      | Found a staircase to the Ecumenical Temple.
  8491 | Temple   | Entered the Ecumenical Temple
  8601 | Temple   | Became a worshipper of Cheibriados the Contemplative
  8655 | D:7      | Reached skill level 5 in Dodging
  8711 | D:7      | Killed from afar by an acid dragon

Illustrated notes

Levels and vault maps discovered:
D:1:      lightli_arrival_lavapool, layout_rooms, st_stairs_8,
          chequers_arboretum
D:2:      layout_basic, minmay_misc_feat_doors
D:3:      layout_basic, lemuel_tele_altar, minmay_goblin_kobold_house,
          uniq_terence
D:4:      layout_basic
D:5:      layout_basic, chequers_temple_overflow_minitemple, feat_on_display,
          uniq_blork_the_orc, uniq_duvessa
D:6:      layout_loops_corners
D:7:      hangedman_cross_stitches, layout_loops_cross,
          minmay_temple_entry_arrows, nrook_pool_corridor,
          hangedman_decor_riveting
Temple:   nicolae_temple_god_jail

Skill      XL: |  1  2  3  4  5  6  7  8  9 |
---------------+----------------------------+-----
Ice Magic      | 1 2 3 4 |  4.4
Fighting       | 2 3 4 |  4.8
Transmutations | 3 4 5 |  5.2
Dodging        | 3 4 5 |  5.0
Spellcasting   | 3 4 |  4.7
Unarmed Combat | 4 5 |  5.6

Action                     |  1- 3 |  4- 6 |  7- 9 || total
---------------------------+-------+-------+-------++-------
  Melee: Unarmed           |    55 |   133 |   176 ||   364
         Constrict         |    18 |    23 |     5 ||    46
         Kick              |    14 |    35 |     5 ||    54
         Tentacles         |    14 |    19 |     9 ||    42
         Punch             |     2 |     1 |     1 ||     4
  Throw: Boomerang         |       |       |     4 ||     4
   Cast: Beastly Appendage |    23 |    29 |     5 ||    57
         Ice Form          |       |    10 |    24 ||    34
         Wereblood         |       |     1 |     5 ||     6
    Use: Scroll            |       |    11 |     6 ||    17
         Potion            |       |     2 |     1 ||     3
   Stab: Sleeping          |     3 |     1 |     2 ||     6
 Armour: Skin              |     2 |    12 |    50 ||    64
  Dodge: Dodged            |    32 |    56 |    85 ||   173
  Block: Buckler           |       |       |     1 ||     1

Table legend: (Time is in decaauts)
 A = Elapsed time spent in this place.
 B = Non-inter-level travel time spent in this place.
 C = Inter-level travel time spent in this place.
 D = Time resting spent in this place.
 E = Time spent auto-exploring this place.
 F = Levels seen in this place.
 G = Mean time per level.
                   A        B        C        D        E       F      G
               +--------+--------+--------+--------+--------+-----+--------+
         Total |   8713 |   7890 |    823 |   1736 |   4752 |   8 | 1089.1 |
       Dungeon |   8581 |   7778 |    803 |   1736 |   4660 |   7 | 1225.9 |
        Temple |    132 |    112 |     20 |      0 |     92 |   1 |  132.0 |
               +--------+--------+--------+--------+--------+-----+--------+

Top non-repeatable levels by time:
     D:4: 1780 daAuts
     D:3: 1598 daAuts
     D:6: 1549 daAuts
     D:2: 1313 daAuts
     D:5: 1299 daAuts
     D:1: 897 daAuts
     D:7: 140 daAuts
  Temple: 132 daAuts
